 Dungeon Crawl Stone Soup version 0.31-a0-1-g4198be8af4 (webtiles) character file.

Game seed: 10962575525614841603

233 BubbleThief the Cudgeller (level 6, 61/61 HPs)
             Began as a Naga Cinder Acolyte on May 2, 2023.
             Was a High Priest of Ignis.
             Quit the game on level 3 of the Dungeon.
             The game lasted 00:03:57 (2582 turns).

BubbleThief the Cudgeller (Naga Cinder Acolyte)     Turns: 2582, Time: 00:03:58

Health: 61/61      AC:  3    Str: 18    XL:     6   Next: 5%
Magic:  8/8        EV:  9    Int: 14    God:    Ignis [*****.]
Gold:   99         SH:  0    Dex:  7    Spells: 5/7 levels left

rFire   + . .        a - +0 mace (flame)
rCold   . . .        (no shield)
rNeg    . . .        b - +0 robe
rPois   +            (no helmet)
rElec   .            (no cloak)
rCorr   .            (no gloves)
SInv    +            (no barding)
Will    .....        (no amulet)
Stlth   +            (no ring)
HPRegen 0.30/turn    (no ring)
MPRegen 0.11/turn

%: no passive effects
@: very slow
A: AC +2, large, see invisible, deformed body, poison resistance, slowness 2,
spit poison 1, naga tail 1
a: Spit Poison, Renounce Religion, Fiery Armour, Foxfire Swarm, Rising Flame


You were on level 3 of the Dungeon.
You worshipped Ignis.
Ignis was extremely pleased with you.
You visited 1 branch of the dungeon, and saw 3 of its levels.

You collected 99 gold pieces.

Inventory:

Hand Weapons
 a - a +0 mace of flaming (weapon)
Armour
 b - a +0 robe (worn)
Jewellery
 i - a ring of ice
Scrolls
 c - 3 scrolls of amnesia {unknown}
 d - a scroll of vulnerability {unknown}
 f - a scroll of identify
 h - a scroll of fear {unknown}
 j - a scroll of poison
 m - a scroll of teleportation {unknown}
Potions
 e - a potion of magic {unknown}
 g - 3 potions of curing
 k - a potion of mutation {unknown}
 l - a potion of heal wounds {unknown}


   Skills:
 + Level 5.0 Fighting
 + Level 5.0 Maces & Flails
 - Level 1.4 Spellcasting
 - Level 3.0 Fire Magic


You had 5 spell levels left.
You knew the following spells:

 Your Spells              Type           Power      Damage    Failure   Level
a - Scorch                Fire           18%        2d5       11%         2

Your spell library contained the following spells:

 Spells                   Type           Power      Damage    Failure   Level


Dungeon Overview and Level Annotations

Branches:
Dungeon (3/15)

Altars:
Xom


Innate Abilities, Weirdness & Mutations

Your serpentine skin is tough. (AC +2)
You have supernaturally acute eyesight. (SInv)
Armour fits poorly on your strangely shaped body.
Your system is resistant to poisons. (rPois)
You cover ground very slowly.
You can spit poison.
You have a snake-like lower body.


Message History

You sock the worm! You burn the worm.
The worm is severely wounded.
You have got your breath back.
The river rat is engulfed in a cloud of scalding steam.
The river rat bites you but does no damage.
A rat comes into view.
You hit the worm. You burn the worm.
You kill the worm!
The river rat is engulfed in a cloud of scalding steam.
You hit the river rat but do no damage.
The river rat is severely wounded.
The river rat bites you.
You hit the river rat. You burn the river rat.
The river rat is almost dead.
The rat is engulfed in a cloud of scalding steam.
You kill the rat!
The river rat bites you!
* * * LOW HITPOINT WARNING * * *
The river rat barely misses you.
You have reached level 6!
Your skin feels tougher.
Aiming: Spit Poison (1% risk of failure)
Press: ? - help, Shift-Dir - straight line, f/p - river rat
Aim: a river rat (almost dead, 54% to hit)
The splash of poison hits the river rat!
The river rat is poisoned.
You kill the river rat!
Your Maces & Flails skill increases to level 5!
You hit the rat but do no damage. The rat barely misses you.
You hit the rat. You burn the rat.
You kill the rat!
Your Fighting skill increases to level 5!
You see here a rat corpse.
You have got your breath back.
A rat comes into view.
You barely miss the rat. The rat barely misses you.
You barely miss the rat.
The rat bites you but does no damage. x2
You barely miss the rat. The rat bites you but does no damage.
You closely miss the rat.
The rat splashes around in the water.
Are you sure you want to abandon this character and quit the game? (Confirm with "yes".)

..# .# ..#####.#
.......############
#.##...#~~~#~~~~~.#
#.†...~#~#~#~######
...†..~#~#~#~#~~~~#
##.#.~~~~#†~~~~##~#
#.#..~#~#~########
#.#..~~~#~~~~~~@~#
#.#...#~#######r##
#.#..~~~# ~~#
#.#...~~# ####
#......## #######


You could see a rat.

Vanquished Creatures
  Jessica (D:2)
  Terence (D:3)
  An orc wizard (D:3)
  4 gnolls
  2 adders
  3 river rats (D:3)
  3 worms
  2 dart slugs (D:2)
  3 orcs (D:3)
  2 ball pythons (D:1)
  2 endoplasms
  2 giant cockroaches
  3 goblins
  5 hobgoblins
  10 jackals
  3 kobolds
  2 quokkas
  5 bats
  2 frilled lizards (D:3)
  7 rats
63 creatures vanquished.

Notes
Turn   | Place    | Note
-------+----------+-------------------------------------------
     0 | D:1      | BubbleThief the Naga Cinder Acolyte began the quest for the
                  | Orb.
     0 | D:1      | Reached XP level 1. HP: 21/21 MP: 2/2
   313 | D:1      | Reached XP level 2. HP: 26/28 MP: 3/3
   368 | D:1      | Learned a level 2 spell: Scorch
   962 | D:2      | Noticed Jessica
   967 | D:2      | Killed Jessica
   968 | D:2      | Reached XP level 3. HP: 34/34 MP: 5/5
  1145 | D:2      | Found a shimmering altar of Xom.
  1398 | D:2      | Reached XP level 4. HP: 41/44 MP: 3/6
  1825 | D:3      | Noticed Terence
  1833 | D:3      | Killed Terence
  1899 | D:3      | Reached XP level 5. HP: 37/50 MP: 1/7
  2413 | D:3      | Reached XP level 6. HP: 12/60 MP: 0/8
  2414 | D:3      | Reached skill level 5 in Maces & Flails
  2416 | D:3      | Reached skill level 5 in Fighting
  2582 | D:3      | Quit the game

Illustrated notes

Levels and vault maps discovered:
D:1:      mrwooster_arrival_statue_2, layout_basic
D:2:      layout_loops_corners, basic_altar, amethyst_killhole,
          nrook_mini_backslash, minmay_misc_feat_diagonals, uniq_jessica
D:3:      layout_basic, lightli_sewer_entry_pipes, uniq_terence

Skill      XL: |  1  2  3  4  5  6 |
---------------+-------------------+-----
Maces & Flails | 4 5 |  5.0
Fighting       | 4 5 |  5.0
Spellcasting   | |  1.4
Fire Magic     | |  3.0

Action                     |  1- 3 |  4- 6 || total
---------------------------+-------+-------++-------
  Melee: Mace              |    17 |    43 ||    60
   Cast: Scorch            |     8 |    25 ||    33
Ability: Spit Poison       |    21 |    28 ||    49
    Use: Scroll            |       |     6 ||     6
 Armour: Robe              |     7 |    10 ||    17
  Dodge: Dodged            |    18 |    36 ||    54

Table legend: (Time is in decaauts)
 A = Elapsed time spent in this place.
 B = Non-inter-level travel time spent in this place.
 C = Inter-level travel time spent in this place.
 D = Time resting spent in this place.
 E = Time spent auto-exploring this place.
 F = Levels seen in this place.
 G = Mean time per level.
                   A        B        C        D        E       F      G
               +--------+--------+--------+--------+--------+-----+--------+
         Total |   3242 |   3209 |     33 |     65 |   2706 |   3 | 1080.7 |
       Dungeon |   3242 |   3209 |     33 |     65 |   2706 |   3 | 1080.7 |
               +--------+--------+--------+--------+--------+-----+--------+

Top non-repeatable levels by time:
     D:2: 1412 daAuts
     D:1: 1049 daAuts
     D:3: 780 daAuts
